[Event "I Torneo de Maestras 2019"]
[Site "Corralejo"]
[Date "2019.09.27"]
[Round "9.1"]
[White "Guillo Longares, Cecilia"]
[Black "Palma, Maria"]
[Result "1/2-1/2"]
[ECO "D32"]
[WhiteElo "1960"]
[BlackElo "2100"]
[Annotator "NA"]
[PlyCount "111"]
[EventDate "2019.09.21"]
[EventType "tourn"]
[EventCountry "ESP"]
[SourceTitle "playchess.com"]
[Source "ChessBase"]
[SourceQuality "1"]
[TimeControl "5400+30"]

1. d4 d5 2. c4 e6 3. Nc3 c5 4. cxd5 cxd4 5. Qa4+ Bd7 6. Qxd4 exd5 7. Qxd5 Nc6 8. Nf3 Nf6 9. Qd1 Bc5 10. e3 Qe7 11. Be2 O-O-O 12. O-O g5 13. b4 Bxb4 14. Bb2 Rhg8 15. Nd4 g4 16. Ncb5 Kb8 17. Qa4 a6 18. Nxc6+ Bxc6 19. Bxf6 Qe4 20. Be5+ Qxe5 21. Qxb4 axb5 22. Rfd1 h5 23. Qf4 Qxf4 24. exf4 Kc7 25. Rab1 Rxd1+ 26. Rxd1 Ra8 27. Rd2 Ra4 28. g3 Kb6 29. h3 f5 30. hxg4 hxg4 31. Bf1 Kc5 32. Bg2 Kc4 33. Re2 b4 34. Bf1 Kd4 35. Rc2 Bd5 36. Rd2+ Kc5 37. Rc2+ Kb6 38. Bc4 Bxc4 39. Rxc4 Kb5 40. Rc2 Ra3 41. Kg2 Ka4 42. Rd2 Rc3 43. Rd8 Ka3 44. Ra8+ Kb2 45. Ra4 Rc4 46. a3 b5 47. Rxb4+ Rxb4 48. axb4 Kc3 49. f3 gxf3+ 50. Kxf3 Kxb4 51. g4 fxg4+ 52. Kxg4 Kc4 53. f5 Kd5 54. f6 Ke6 55. Kf4 Kxf6 56. Ke4 {[%emt 0:16:30] Ke5+} 1/2-1/2

[Event "I Torneo de Maestras 2019"]
[Site "Corralejo"]
[Date "2019.09.27"]
[Round "9.2"]
[White "Safranska, Anda"]
[Black "Navrotescu, Andreea-Cristiana"]
[Result "1/2-1/2"]
[ECO "C00"]
[WhiteElo "2139"]
[BlackElo "2242"]
[Annotator "NA"]
[PlyCount "95"]
[EventDate "2019.09.21"]
[EventType "tourn"]
[EventCountry "ESP"]
[SourceTitle "playchess.com"]
[Source "ChessBase"]
[SourceQuality "1"]
[TimeControl "5400+30"]

1. e4 e6 2. Qe2 c5 3. g3 Nc6 4. Bg2 e5 5. c3 d6 6. d3 Nf6 7. Nf3 Be7 8. O-O O-O 9. a3 h6 10. b4 a6 11. Nbd2 Re8 12. Re1 Bf8 13. Rb1 b5 14. Nf1 d5 15. exd5 Nxd5 16. Bb2 cxb4 17. axb4 Ra7 18. N3d2 Bf5 19. Ne4 Bg6 20. Rbd1 f5 21. Ned2 Rc7 22. Ra1 Nb8 23. Rac1 Nb6 24. Nb1 Rd7 25. Rcd1 Bf7 26. Ne3 g6 27. Qc2 Rc7 28. Qe2 N8d7 29. f4 exf4 30. gxf4 Qh4 31. Qf2 Qxf2+ 32. Kxf2 Bd6 33. Kg3 Nf6 34. Bf3 Rce7 35. Bc1 g5 36. Ng2 Nbd5 37. Kf2 Nxf4 38. Nxf4 gxf4 39. Rxe7 Rxe7 40. h3 Bb3 41. Rg1+ Kf7 42. Na3 Ba4 43. Bd2 Bb8 44. Ra1 Rd7 45. Ke2 Re7+ 46. Kf2 Rd7 47. Ke2 Re7+ 48. Kf2 1/2-1/2

[Event "I Torneo de Maestras 2019"]
[Site "Corralejo"]
[Date "2019.09.27"]
[Round "9.3"]
[White "Terbe, Julianna"]
[Black "Sosa Suarez, Carla Cristina"]
[Result "1-0"]
[ECO "E05"]
[WhiteElo "2298"]
[BlackElo "2069"]
[Annotator "NA"]
[PlyCount "83"]
[EventDate "2019.09.21"]
[EventType "tourn"]
[EventCountry "ESP"]
[SourceTitle "playchess.com"]
[Source "ChessBase"]
[SourceQuality "1"]
[TimeControl "5400+30"]

1. d4 d5 2. Nf3 Nf6 3. g3 e6 4. Bg2 Be7 5. O-O O-O 6. c4 dxc4 7. Qc2 b5 8. a4 b4 9. Qxc4 Ba6 10. Qc2 Nbd7 11. Ne5 Nxe5 12. Bxa8 Qxd4 13. Bg2 Nd5 14. Rd1 Qc4 15. Qxc4 Bxc4 16. Nd2 Ba6 17. Bf1 c5 18. e4 Bxf1 19. Kxf1 Nf6 20. b3 Rd8 21. Ke2 Nc6 22. Bb2 Na5 23. f3 Rxd2+ 24. Kxd2 Nxb3+ 25. Kd3 Nxa1 26. Bxa1 Nd7 27. Kc4 Nb6+ 28. Kb5 f6 29. a5 Nc8 30. Kc6 Bf8 31. Rd8 Ne7+ 32. Kxc5 Kf7 33. Kb5 b3 34. Rd3 Nc8 35. Rxb3 Bd6 36. Bd4 Ke7 37. Ka6 Kd7 38. Bxa7 Kc6 39. Rc3+ Kd7 40. Kb7 Nxa7 41. Kxa7 Be5 42. Rc4 1-0

[Event "I Torneo de Maestras 2019"]
[Site "Corralejo"]
[Date "2019.09.27"]
[Round "9.5"]
[White "Rodriguez Redondo, Adhara"]
[Black "Thomas, Anysia"]
[Result "1-0"]
[ECO "B39"]
[WhiteElo "2065"]
[BlackElo "2112"]
[Annotator "NA"]
[PlyCount "133"]
[EventDate "2019.09.21"]
[EventType "tourn"]
[EventCountry "ESP"]
[SourceTitle "playchess.com"]
[Source "ChessBase"]
[SourceQuality "1"]
[TimeControl "5400+30"]

1. e4 c5 2. Nf3 Nc6 3. d4 cxd4 4. Nxd4 g6 5. c4 Bg7 6. Be3 Nf6 7. Nc3 Ng4 8. Qxg4 Nxd4 9. Qd1 e5 10. Bd3 O-O 11. O-O d6 12. Rc1 Be6 13. b3 a6 14. Qd2 Rb8 15. Rfd1 b5 16. cxb5 axb5 17. Bxd4 exd4 18. Nxb5 d5 19. Nc7 dxe4 20. Nxe6 fxe6 21. Bxe4 Qh4 22. Qe2 Bh6 23. g3 Qf6 24. Rc6 Rbc8 25. Rxc8 Rxc8 26. a4 Bf8 27. Qa6 Rd8 28. Qb6 Rd6 29. Qb5 Qd8 30. a5 Qc8 31. Qa4 Qd7 32. Qc4 Qa7 33. b4 Kg7 34. Rd3 Be7 35. Ra3 e5 36. a6 Rf6 37. Ra2 h5 38. Qb5 Bd6 39. Bd5 Bb8 40. h4 Rf8 41. Rc2 Kh6 42. Be4 Qf7 43. Qd3 Ba7 44. Rc6 Qxf2+ 45. Kh1 Qe1+ 46. Kh2 Qf2+ 47. Bg2 Rf6 48. Rc2 Qe1 49. b5 Qa5 50. Qb3 Qd8 51. Be4 Bb6 52. Qc4 Qf8 53. Bg2 Rf7 54. Re2 Qe7 55. Qd5 Rf5 56. Bh3 d3 57. Qxd3 Qc5 58. Qd2+ Rf4 59. Rg2 Ba5 60. Qxa5 Rf1 61. Qd2+ Kg7 62. Qd7+ Kh6 63. Qd8 Kg7 64. Qg5 Qxb5 65. Rd2 Qxa6 66. Bxf1 Qxf1 67. Qxe5+ 1-0